NWL (28 & UNDER)
LA CROSSE LOGGERS @ MOOSE JAW GHOSTBUSTERS
07/08/2027
 
TOP OF THE 1ST
La Crosse Loggers batting - Pitching for Moose Jaw Ghostbusters : LHP Martin White
Pitching: LHP Martin White
Batting: RHB Aurelio Cruz 0-0: Fly out, F5 (Line Drive, 56)
Batting: LHB Ramón Córdova 0-0: Foul Ball, location: 2F
0-1: SINGLE (Flyball, 8LS)
Batting: RHB Jesús Cabrera 0-0: Foul Ball, location: 2F
0-1: Ball
1-1: Ball
2-1: Grounds into double play, 6-4-3 (Groundball, 6)
Top of the 1st over - 0 run(s), 1 hit(s), 0 error(s), 0 left on base; La Crosse 0 - Moose Jaw 0
BOTTOM OF THE 1ST
Moose Jaw Ghostbusters batting - Pitching for La Crosse Loggers : LHP Ben Reyes
Pitching: LHP Ben Reyes
Batting: RHB Don Hooper 0-0: Ball
1-0: Foul Ball, location: 2F
1-1: Called Strike
1-2: Ground out 4-3 (Groundball, 34)
Batting: LHB Will Vale 0-0: Called Strike
0-1: Ball
1-1: Ball
2-1: SINGLE (Flyball, 89S)
Batting: RHB John Major 0-0: Ball
1-0: Ball
2-0: Swinging Strike
2-1: Ball
3-1: Foul Ball, location: 2F
3-2: Foul Ball, location: 2F
3-2: Foul Ball, location: 2F
3-2: DOUBLE (Line Drive, 7LD)
Will Vale to third
Runner from 3rd tries for Home, throw and OUT!
John Major to third
Pitching: RHP Christian Adkins
Batting: RHB Manuel Pérez 0-0: Swinging Strike
0-1: Swinging Strike
0-2: Foul Ball, location: 2F
0-2: Foul Ball, location: 2F
0-2: Ground out 6-3 (Groundball, 6)
Bottom of the 1st over - 0 run(s), 2 hit(s), 0 error(s), 1 left on base; La Crosse 0 - Moose Jaw 0
TOP OF THE 2ND
La Crosse Loggers batting - Pitching for Moose Jaw Ghostbusters : LHP Martin White
Batting: SHB Dave Henley 0-0: Ball
1-0: Ball
2-0: Ball
3-0: Called Strike
3-1: Base on Balls
Batting: RHB Júlio Sánchez 0-0: Called Strike
Dave Henley is caught stealing 2nd base
0-1: Ball
1-1: Fly out, F9 (Flyball, 9S)
Batting: LHB Jeff Forsyth 0-0: Ball
1-0: Ball
2-0: Ball
3-0: Called Strike
3-1: Base on Balls
Batting: RHB Juan García 0-0: Called Strike
0-1: Ball
1-1: SINGLE (Line Drive, 78S)
Jeff Forsyth to second
Batting: RHB Robert Acosta 0-0: Foul Ball, location: 2F
0-1: Fielders Choice at 2nd, 6-4 (Groundball, 6)
Top of the 2nd over - 0 run(s), 1 hit(s), 0 error(s), 1 left on base; La Crosse 0 - Moose Jaw 0
BOTTOM OF THE 2ND
Moose Jaw Ghostbusters batting - Pitching for La Crosse Loggers : RHP Christian Adkins
Batting: RHB Billy Mullins 0-0: Foul Ball, location: 2F
0-1: Ball
1-1: Ground out 6-3 (Groundball, 6)
Batting: LHB Dave Stewart 0-0: Called Strike
0-1: SINGLE (Line Drive, 9LS)
Batting: RHB Luis Miguel Sánchez 0-0: Called Strike
0-1: Ball
1-1: Swinging Strike
1-2: Ball
2-2: Ball
3-2: Base on Balls
Dave Stewart to second
Batting: RHB Juan Vázquez 0-0: Called Strike
Dave Stewart steals 3rd base
Luis Miguel Sánchez to second
0-1: Swinging Strike
0-2: Strikes out swinging
Batting: RHB Don Turner 0-0: Swinging Strike
0-1: Ball
1-1: Fly out, F9 (Flyball, 9)
Bottom of the 2nd over - 0 run(s), 1 hit(s), 0 error(s), 2 left on base; La Crosse 0 - Moose Jaw 0
TOP OF THE 3RD
La Crosse Loggers batting - Pitching for Moose Jaw Ghostbusters : LHP Martin White
Batting: RHB Troy Reed 0-0: Foul Ball, location: 2F
0-1: Ball
1-1: Foul Ball, location: 2F
1-2: Foul Ball, location: 2F
1-2: Ground out 4-3 (Groundball, 4)
Batting: RHB Aurelio Cruz 0-0: Called Strike
0-1: Single, Error in OF, E8, batter to second base
Batting: LHB Ramón Córdova 0-0: Ball
Wild Pitch!
Aurelio Cruz to third
1-0: Called Strike
1-1: Ball
2-1: 2-RUN HOME RUN (Flyball, 8LXD), Distance : 415 ft
Batting: RHB Jesús Cabrera 0-0: Foul Ball, location: 2F
0-1: Swinging Strike
0-2: Foul Ball, location: 2F
0-2: SINGLE (Groundball, 4D)
Batting: SHB Dave Henley 0-0: Called Strike
Jesús Cabrera is caught stealing 2nd base
0-1: Called Strike
0-2: Strikes out swinging
Top of the 3rd over - 2 run(s), 3 hit(s), 1 error(s), 0 left on base; La Crosse 2 - Moose Jaw 0
BOTTOM OF THE 3RD
Moose Jaw Ghostbusters batting - Pitching for La Crosse Loggers : RHP Christian Adkins
Batting: RHB Don Hooper 0-0: Called Strike
0-1: Ball
1-1: Ball
2-1: SINGLE (Groundball, 56S) (infield hit)
Batting: LHB Will Vale 0-0: Called Strike
0-1: Fly out, F7 (Flyball, 7S)
Batting: RHB John Major 0-0: Called Strike
0-1: Ball
1-1: Called Strike
Don Hooper steals 2nd base
1-2: Ball
2-2: SINGLE (Line Drive, 56D)
Don Hooper to third
Runner from 3rd tries for Home, SAFE, no throw
Batting: RHB Manuel Pérez 0-0: Called Strike
0-1: Swinging Strike
0-2: Ball
1-2: Ball
2-2: SINGLE (Groundball, 6MD)
John Major to second
Batting: RHB Billy Mullins 0-0: Ball
1-0: Called Strike
1-1: Ball
2-1: Foul Ball, location: 2F
2-2: Fly out, F9 (Line Drive, 9)
Batting: LHB Dave Stewart 0-0: Ground out 5-3 (Groundball, 56S)
Bottom of the 3rd over - 1 run(s), 3 hit(s), 0 error(s), 2 left on base; La Crosse 2 - Moose Jaw 1
TOP OF THE 4TH
La Crosse Loggers batting - Pitching for Moose Jaw Ghostbusters : LHP Martin White
Batting: RHB Júlio Sánchez 0-0: Called Strike
0-1: Ball
1-1: Called Strike
1-2: SINGLE (Groundball, 5D)
Batting: LHB Jeff Forsyth 0-0: Ball
1-0: Called Strike
1-1: Foul Ball, location: 2F
1-2: Foul Ball, location: 2F
1-2: Fly out, F8 (Flyball, 8RXD)
Batting: RHB Juan García 0-0: Called Strike
0-1: Ground out 5-3 (Groundball, 5S)
Júlio Sánchez to second
Batting: RHB Robert Acosta 0-0: SINGLE (Groundball, 56D)
Júlio Sánchez to third
Runner from 3rd tries for Home, SAFE, no throw
Batting: RHB Troy Reed 0-0: Called Strike
0-1: Ball
1-1: Ball
2-1: Ball
3-1: Called Strike
3-2: Strikes out looking
Top of the 4th over - 1 run(s), 2 hit(s), 0 error(s), 1 left on base; La Crosse 3 - Moose Jaw 1
BOTTOM OF THE 4TH
Moose Jaw Ghostbusters batting - Pitching for La Crosse Loggers : RHP Christian Adkins
Batting: RHB Luis Miguel Sánchez 0-0: Foul Ball, location: 2F
0-1: Swinging Strike
0-2: Ball
1-2: Foul Ball, location: 2F
1-2: SINGLE (Line Drive, 78M)
Batting: RHB Juan Vázquez 0-0: Foul Ball, location: 2F
0-1: Fly out, F8 (Flyball, 8RM)
Pitching: RHP Michael Peterson
Batting: RHB Don Turner 0-0: Ball
1-0: Ball
2-0: Grounds into double play, 4-6-3 (Groundball, 4)
Bottom of the 4th over - 0 run(s), 1 hit(s), 0 error(s), 0 left on base; La Crosse 3 - Moose Jaw 1
TOP OF THE 5TH
La Crosse Loggers batting - Pitching for Moose Jaw Ghostbusters : LHP Martin White
Batting: RHB Aurelio Cruz 0-0: Foul Ball, location: 2F
0-1: Ball
1-1: Foul Ball, location: 2F
1-2: Ball
2-2: Ball
3-2: Foul Ball, location: 2F
3-2: SINGLE (Groundball, 4MD)
Batting: LHB Ramón Córdova 0-0: Ball
Aurelio Cruz is caught stealing 2nd base
1-0: Fly out, F7 (Flyball, 7LM)
Batting: RHB Jesús Cabrera 0-0: Ball
1-0: Ball
2-0: Called Strike
2-1: Fly out, F8 (Line Drive, 78M)
Top of the 5th over - 0 run(s), 1 hit(s), 0 error(s), 0 left on base; La Crosse 3 - Moose Jaw 1
BOTTOM OF THE 5TH
Moose Jaw Ghostbusters batting - Pitching for La Crosse Loggers : RHP Michael Peterson
Batting: RHB Don Hooper 0-0: Ball
1-0: Swinging Strike
1-1: Ball
2-1: Called Strike
2-2: Foul Ball, location: 2F
2-2: Ground out 6-3 (Groundball, 6)
Batting: LHB Will Vale 0-0: Ball
1-0: Ground out 4-3 (Groundball, 4)
Batting: RHB John Major 0-0: Foul Ball, location: 2F
0-1: Fly out, F9 (Flyball, 9LM)
Bottom of the 5th over - 0 run(s), 0 hit(s), 0 error(s), 0 left on base; La Crosse 3 - Moose Jaw 1
TOP OF THE 6TH
La Crosse Loggers batting - Pitching for Moose Jaw Ghostbusters : LHP Martin White
Batting: SHB Dave Henley 0-0: Foul Ball, location: 2F
0-1: Ball
1-1: Fly out, F3 (Line Drive, 34)
Batting: RHB Júlio Sánchez 0-0: Foul Ball, location: 2F
0-1: DOUBLE (Line Drive, 89D)
Batting: LHB Jeff Forsyth 0-0: Ball
1-0: Swinging Strike
1-1: Foul Ball, location: 2F
1-2: Foul Ball, location: 2F
1-2: Strikes out swinging
Batting: RHB Juan García 0-0: Fly out, F7 (Flyball, 7D)
Top of the 6th over - 0 run(s), 1 hit(s), 0 error(s), 1 left on base; La Crosse 3 - Moose Jaw 1
BOTTOM OF THE 6TH
Moose Jaw Ghostbusters batting - Pitching for La Crosse Loggers : RHP Michael Peterson
Batting: RHB Manuel Pérez 0-0: Ball
1-0: Foul Ball, location: 2F
1-1: Swinging Strike
1-2: Ball
2-2: Ball
3-2: Base on Balls
Batting: RHB Billy Mullins 0-0: Ball
Manuel Pérez is caught stealing 2nd base
1-0: Foul Ball, location: 2F
1-1: SINGLE (Line Drive, 56)
Batting: LHB Dave Stewart 0-0: Called Strike
0-1: Ball
1-1: Called Strike
1-2: Ball
2-2: Fly out, F7 (Flyball, 7LSF)
Batting: RHB Luis Miguel Sánchez 0-0: SINGLE (Line Drive, 8RS)
Billy Mullins to second
Batting: RHB Juan Vázquez 0-0: Called Strike
0-1: Foul Ball, location: 2F
0-2: Ball
1-2: Ball
2-2: Foul Ball, location: 2F
2-2: DOUBLE (Line Drive, 7D)
Billy Mullins scores
Luis Miguel Sánchez to third
Batting: RHB Don Turner 0-0: Foul Ball, location: 2F
0-1: Ball
1-1: Ground out 5-3 (Groundball, 5)
Bottom of the 6th over - 1 run(s), 3 hit(s), 0 error(s), 2 left on base; La Crosse 3 - Moose Jaw 2
TOP OF THE 7TH
La Crosse Loggers batting - Pitching for Moose Jaw Ghostbusters : LHP Martin White
Batting: RHB Robert Acosta 0-0: Ball
1-0: Ground out 5-3 (Groundball, 56S)
Batting: RHB Troy Reed 0-0: Swinging Strike
0-1: Ball
1-1: Called Strike
1-2: Ball
2-2: Foul Ball, location: 2F
2-2: Ground out 5-3 (Groundball, 56S)
Batting: RHB Aurelio Cruz 0-0: Ball
1-0: Foul Ball, location: 2F
1-1: Foul Ball, location: 2F
1-2: SINGLE (Groundball, 4MD)
Pitching: RHP Rod Walters
Batting: LHB Ramón Córdova 0-0: Called Strike
0-1: Ball
1-1: Foul Ball, location: 2F
1-2: Ball
Aurelio Cruz steals 2nd base
2-2: Foul Ball, location: 2F
2-2: Ball
3-2: Fly out, F7 (Flyball, 7LM)
Top of the 7th over - 0 run(s), 1 hit(s), 0 error(s), 1 left on base; La Crosse 3 - Moose Jaw 2
BOTTOM OF THE 7TH
Moose Jaw Ghostbusters batting - Pitching for La Crosse Loggers : RHP Michael Peterson
Batting: RHB Don Hooper 0-0: Called Strike
0-1: Fly out, F7 (Flyball, 7LM)
Pitching: LHP Luis Alemán
Now in LF: James Jenkins
Batting: LHB Will Vale 0-0: Ball
1-0: Ball
2-0: SINGLE (Line Drive, 7S)
Batting: RHB John Major 0-0: Ball
1-0: Ball
2-0: 2-RUN HOME RUN (Flyball, 9D), Distance : 351 ft
Pitching: RHP Willie Alexander
Batting: RHB Manuel Pérez 0-0: Called Strike
0-1: Ball
1-1: Ball
2-1: Swinging Strike
2-2: Foul Ball, location: 2F
2-2: Foul Ball, location: 2F
2-2: Strikes out swinging
Batting: RHB Billy Mullins 0-0: Fly out, F6 (Popup, 6MD)
Bottom of the 7th over - 2 run(s), 2 hit(s), 0 error(s), 0 left on base; La Crosse 3 - Moose Jaw 4
TOP OF THE 8TH
La Crosse Loggers batting - Pitching for Moose Jaw Ghostbusters : RHP Rod Walters
Batting: RHB Jesús Cabrera 0-0: Called Strike
0-1: Called Strike
0-2: Strikes out swinging
Batting: SHB Dave Henley 0-0: Ball
1-0: Swinging Strike
1-1: Called Strike
1-2: Ball
2-2: Ball
3-2: Foul Ball, location: 2F
3-2: SINGLE (Groundball, 34D)
Batting: RHB Júlio Sánchez 0-0: Fly out, F4 (Line Drive, 4)
Pitching: RHP Whit Johnson
Batting: LHB Jeff Forsyth 0-0: Swinging Strike
0-1: Ball
1-1: Fielders Choice at 2nd, 4-6 (Groundball, 4)
Top of the 8th over - 0 run(s), 1 hit(s), 0 error(s), 0 left on base; La Crosse 3 - Moose Jaw 4
BOTTOM OF THE 8TH
Moose Jaw Ghostbusters batting - Pitching for La Crosse Loggers : RHP Willie Alexander
Batting: LHB Dave Stewart 0-0: Ball
1-0: Called Strike
1-1: Ball
2-1: Swinging Strike
2-2: Strikes out swinging
Batting: RHB Luis Miguel Sánchez 0-0: Ball
1-0: Called Strike
1-1: Ball
2-1: Ball
3-1: Base on Balls
Batting: RHB Juan Vázquez 0-0: Called Strike
0-1: Ball
Luis Miguel Sánchez steals 2nd base
1-1: Intentional Walk
Pinch Hitting: RHB Shawn Bane 0-0: Ball
1-0: Ball
2-0: Ball
3-0: Called Strike
3-1: Base on Balls
Luis Miguel Sánchez to third
Juan Vázquez to second
Pitching: LHP Pablo Solíz
Batting: RHB Don Hooper 0-0: Fly out, F4 (Popup, 4S)
Batting: LHB Will Vale 0-0: Ball
1-0: Foul Ball, location: 2F
1-1: Ball
2-1: Ball
3-1: Fielders Choice at 2nd, 6-4 (Groundball, 6)
Bottom of the 8th over - 0 run(s), 0 hit(s), 0 error(s), 2 left on base; La Crosse 3 - Moose Jaw 4
TOP OF THE 9TH
La Crosse Loggers batting - Pitching for Moose Jaw Ghostbusters : RHP Whit Johnson
Pitching: RHP Bennett Greer
Now in LF: Aaron Murray
Batting: RHB Juan García 0-0: Ball
1-0: Foul Ball, location: 2F
1-1: Ball
2-1: Foul Ball, location: 2F
2-2: Strikes out swinging
Pinch Hitting: RHB Francisco Rodríguez 0-0: Foul Ball, location: 2F
0-1: DOUBLE (Line Drive, 7LM)
Batting: RHB James Jenkins 0-0: Ball
1-0: Called Strike
1-1: Swinging Strike
1-2: Strikes out swinging, 2-3 out at first.
Batting: RHB Aurelio Cruz 0-0: Ground out 4-3 (Groundball, 4)
Top of the 9th over - 0 run(s), 1 hit(s), 0 error(s), 1 left on base; La Crosse 3 - Moose Jaw 4
Thursday, March 30th, 2017 - OOTP Baseball 17.12 Build 75